 Dungeon Crawl Stone Soup version 0.18-a0-1574-g3f9d221 (webtiles) character file.

43 Gottschkopf the Changer (level 3, 0/28 HPs)
             Began as a Draconian Transmuter on Mar 16, 2016.
             Succumbed to a kobold's poison
             ... on level 2 of the Dungeon.
             The game lasted 00:03:16 (821 turns).

Gottschkopf the Changer (Draconian Transmuter)       Turns: 821, Time: 00:03:16

Health: 0/28       AC:  5    Str: 11 (12) XL:     3   Next: 37%
Magic:  15/15      EV: 12    Int: 13 (14) God:
Gold:   33         SH:  0    Dex:  8 (11) Spells: 3 memorised, 0 levels left

rFire  + . .     SeeInvis .       - Unarmed
rCold  + . .     Gourm    .     (armour unavailable)
rNeg   . . .     Faith    +     (no shield)
rPois  +         Spirit   .     (helmet restricted)
rElec  +         Dismiss  .     (no cloak)
rCorr  +         Reflect  .     (no gloves)
SustAt .         Harm     .     (no boots)
MR     .....                    e - amulet of faith
Stlth  +.........               (no ring)
                                g - ring of magical power

@: lethally poisoned (0 -> -5), resistant, flying, not resistant to hostile
enchantments, very unstealthy
A: unfitting armour, cold-blooded, AC +5
a: no special abilities


You were on level 2 of the Dungeon.
You were not hungry.

You visited 1 branch of the dungeon, and saw 2 of its levels.

You collected 33 gold pieces.

Inventory:

Missiles
 a - 27 arrows
Jewellery
 e - an amulet of faith (around neck)
 g - a ring of magical power (left hand)
Scrolls
 d - 3 scrolls of identify {unknown}
 h - a scroll of enchant armour {unknown}
 i - a scroll of fog {unknown}
 l - a scroll of remove curse {unknown}
Books
 b - a book of Changes

   Spells                             Type                      Level
   a - Beastly Appendage              Transmutation                1
   b - Sticks to Snakes               Transmutation                2
   c - Spider Form                    Transmutation/Poison         3
   d - Ice Form                       Ice/Transmutation            4
   e - Blade Hands                    Transmutation                5
Comestibles
 c - a bread ration
 j - a meat ration
 m - 4 chunks of flesh
 o - 3 fruits


   Skills:
 - Level 1.1 Fighting
 - Level 1.7 Dodging
 - Level 3.0 Unarmed Combat
 - Level 2.0 Spellcasting
 + Level 3.7 Transmutations
 * Level 0.4 Poison Magic


You couldn't memorise any spells.
You knew the following spells:

 Your Spells              Type           Power        Failure   Level  Hunger
a - Beastly Appendage     Trmt           ##....       8%          1    ##.....
b - Sticks to Snakes      Trmt           ##......     10%         2    ###....
c - Spider Form           Trmt/Pois      #.........   34%         3    ####...


Dungeon Overview and Level Annotations

Branches:
Dungeon (2/15)

Altars:


Innate Abilities, Weirdness & Mutations

Your plain brown scales are hard (AC +5).
Your body does not fit into most forms of armour.
You are cold-blooded and may be slowed by cold attacks.


Message History

* * * LOW HITPOINT WARNING * * *
You feel sick.
* * * LOW HITPOINT WARNING * * *
You feel sick.
Drink which item? (? for menu, Esc to quit)
It was a potion of resistance.
You feel protected.
* * * LOW HITPOINT WARNING * * *
You feel sick.
Drink which item? (? for menu, Esc to quit)
It was a potion of degeneration.
There was something very wrong with that liquid.
You feel weakened.
You feel dopey.
You feel clumsy.
Drink which item? (? for menu, Esc to quit)
It was a potion of flight.
You feel very buoyant.
You fly up into the air.
* * * LOW HITPOINT WARNING * * *
You feel sick.
You die...

.......# .......# #.
.......######.#.
...)...........#
....<..######..#
..##..### #..#
(.......# #..##
<.##..#.## #...♣♣♣
####.....# #...@.♣ #
#....... #.)#♣P..♣ #
#.#...#.##..#♣♣♣♣♣♣♣♣#
#.##.##..............#
#.##.#####..##.#######
####.##.#####..##.#
...............##.#
...........######.#
.#######...# #.#


There were no monsters in sight!

Vanquished Creatures
  2 dart slugs (D:1)
  5 bats (D:1)
  2 giant cockroaches (D:1)
  4 goblins (D:1)
  6 hobgoblins
  4 jackals (D:1)
  3 kobolds
  2 ball pythons (D:1)
  A giant newt (D:1)
  6 rats
35 creatures vanquished.

Notes
Turn   | Place    | Note
--------------------------------------------------------------
     0 | D:1      | Gottschkopf the Draconian Transmuter began the quest for the Orb.
     0 | D:1      | Reached XP level 1. HP: 16/16 MP: 3/3
   153 | D:1      | Reached XP level 2. HP: 21/23 MP: 5/5
   157 | D:1      | Learned a level 2 spell: Sticks to Snakes
   385 | D:1      | Reached XP level 3. HP: 20/28 MP: 6/6
   415 | D:1      | Learned a level 3 spell: Spider Form
   819 | D:2      | HP: 1/28 [poisoned by a kobold]
   821 | D:2      | Succumbed to a kobold's poison

Vault maps used:
D:1:      eino_arrival_water_cross
D:2:      nicolae_overflow_hidden_temple, first_bread, serial_forest,
          infiniplex_forest_clump_C, infiniplex_forest_zigzag_1,
          infiniplex_forest_end_1, infiniplex_forest_lined_2,
          infiniplex_forest_clump_curved, infiniplex_forest_lined_corner,
          uniq_jessica

Skill      XL: |  1  2 |
---------------+-------+-----
Transmutations | 3 |  3.7
Fighting       | |  1.1
Dodging        | |  1.7
Unarmed Combat | |  3.0
Spellcasting   | |  2.0
Poison Magic   | |  0.4

Action                   || total
-------------------------++-------
Melee: Unarmed           ||   125
 Cast: Beastly Appendage ||    16
  Use: Potion            ||     3
 Stab: Sleeping          ||     1
